 Dungeon Crawl Stone Soup version 0.20.0-15-g7f486f2 (webtiles) character file.

1890 NoAnimeNoLife the Covert (level 8, -2/36 HPs)
             Began as a Spriggan Enchanter on June 20, 2017.
             Was a Believer of Dithmenos.
             Slain by an ice beast (8 damage)
             ... on level 7 of the Dungeon.
             The game lasted 00:17:24 (9054 turns).

NoAnimeNoLife the Covert (Spriggan Enchanter)       Turns: 9054, Time: 00:17:25

Health: -2/36      AC:  2    Str:  4      XL:     8   Next: 92%
Magic:  18/18      EV: 20    Int: 18      God:    Dithmenos [**....]
Gold:   477        SH:  0    Dex: 14 (17) Spells: 14/20 levels left

rFire    . . .     SeeInvis +   B - +1 dagger (venom)
rCold    . . .     Gourm    .   (shield restricted)
rNeg     . . .     Faith    .   b - +0 robe
rPois    .         Spirit   .   (helmet restricted)
rElec    .         Reflect  .   (no cloak)
rCorr    .         Harm     .   (gloves unavailable)
MR       +....                  (boots unavailable)
Stlth    ++++++....             (no amulet)
Regen    0.2/turn               (no ring)
MPRegen  0.2/turn               (no ring)

@: wreathed by umbra, very quick
A: unfitting armour, see invisible, herbivore 3, speed 3, slow metabolism 2
a: Shadow Step, Renounce Religion


You were on level 7 of the Dungeon.
You worshipped Dithmenos.
Dithmenos was pleased with you.
You were very full.

You visited 1 branch of the dungeon, and saw 7 of its levels.
You also visited: Sewer.

You collected 477 gold pieces.

Inventory:

Hand Weapons
 a - a +2 dagger
 B - a +1 dagger of venom (weapon)
Armour
 b - a +0 robe (worn)
Jewellery
 A - a +2 amulet of reflection {unknown}
Wands
 h - a wand of paralysis (10/24)
 u - a wand of iceblast (7/15)
Scrolls
 e - 4 scrolls of amnesia
 f - 4 scrolls of enchant weapon
 g - 5 scrolls of identify
 l - 3 scrolls of remove curse
 n - 2 scrolls of teleportation {unknown}
 v - 3 scrolls of magic mapping
 x - a scroll of blinking {unknown}
 y - a scroll of recharging {unknown}
 C - a scroll of immolation {unknown}
Potions
 i - a potion of invisibility
 j - 5 potions of curing {unknown}
 k - a potion of flight {unknown}
 m - 3 potions of degeneration {unknown}
 p - 3 potions of heal wounds {unknown}
 q - a potion of lignification {unknown}
 r - 2 potions of berserk rage {unknown}
 t - a potion of haste
 w - a potion of might {unknown}
 z - a potion of cancellation {unknown}
Books
 c - a book of Maledictions

   Spells                             Type                      Level
   a - Corona                         Hexes                        1
   b - Ensorcelled Hibernation        Hexes/Ice                    2
   c - Confuse                        Hexes                        3
   d - Tukima's Dance                 Hexes                        3
   e - Dazzling Spray                 Conjuration/Hexes            3
Comestibles
 d - 5 bread rations
 o - 4 fruits
 s - 2 royal jellies


   Skills:
 + Level 6.4 Short Blades
 + Level 5.9 Dodging
 + Level 10.1 Stealth
 - Level 6.5 Spellcasting
 - Level 7.1 Hexes


You had 14 spell levels left.
You knew the following spells:

 Your Spells              Type           Power        Failure   Level  Hunger
a - Corona                Hex            ####...      1%          1    None
b - Ensorcelled Hibernat  Hex/Ice        ###...       3%          2    None
c - Confuse               Hex            ####....     1%          3    ##.....


Dungeon Overview and Level Annotations

Branches:
Dungeon (7/15)             Temple (0/1) D:6

Altars:
Ashenzari
Dithmenos
Elyvilon
Fedhas
Hepliaklqana
Kikubaaqudgha
Nemelex Xobeh
Ru
Uskayaw
Vehumet

Shops:
D:4 :   D:6 ?%?


Innate Abilities, Weirdness & Mutations

You are very small and have problems with some larger weapons.
You are too small for most types of armour.
You have supernaturally acute eyesight. (SInv)
You are a herbivore.
You cover ground extremely quickly.
You need consume almost no food.


Message History

Okay, then.
Evoke which item? (* to show all) (? for menu, Esc to quit)
Aiming: Iceblast (will waste charges)
Press: ? - help, Shift-Dir - straight line
Okay, then.
You miss the quasit.
The quasit is almost dead.
The quasit barely misses you. x2; The quasit misses you.
The ice beast closely misses you.
You barely miss the quasit.
The quasit is almost dead.
The quasit barely misses you. The quasit misses you.
The quasit barely misses you. The black bear barely misses you.
The black bear closely misses you. The black bear barely misses you.
You hit the quasit but do no damage.
The quasit is almost dead.
The ice beast hits you.
* * * LOW HITPOINT WARNING * * *
The ice beast freezes you!
You die...

>####...####.#
...........#.# #.#
#####...##.#.# #.#
..# ##.###.#.# #.#
#.####.# #.#.# #.#
#......###.#†###.##
#....####..........
..##.# #..#####5##
...#.####..#####@#
##..>(......SSaYh#
#.........##z###Z#
#.##########.# #.#
#. #.# #.. #. #.#
#.## #. #.# #.# #.
#)# #.# .. #.# .#


You could see a black bear, an ice beast, a worker ant, a wight, a quasit, 2
adders and an adder zombie.

Vanquished Creatures
  A water moccasin (D:7)
  2 sky beasts (D:7)
  2 orc warriors
  A phantom (D:6)
  An ogre (D:6)
  A crocodile (Sewer)
  2 centaurs
  3 bullfrogs
  A scorpion (D:5)
  4 wights (D:7)
  2 crimson imps
  A quasit (D:6)
  3 hounds
  2 orc priests
  2 orc wizards
  A hound zombie (D:6)
  13 adders
  A river rat (D:4)
  A shadow imp (D:6)
  2 oozes
  An adder skeleton (D:7)
  3 worms
  A dart slug (D:2)
  3 leopard geckos
  15 orcs
  2 ball pythons
  14 bats
  12 giant cockroaches
  5 goblins
  12 hobgoblins
  4 jackals (D:3)
  9 kobolds
  3 quokkas
  7 frilled lizards
  A jackal skeleton (D:4)
  2 leopard gecko skeletons (D:6)
  A leopard gecko zombie (D:5)
  A quokka skeleton (D:4)
  9 rats
151 creatures vanquished.

Notes
Turn   | Place    | Note
-------+----------+-------------------------------------------
     0 | D:1      | NoAnimeNoLife the Spriggan Enchanter began the quest for the Orb.
     0 | D:1      | Reached XP level 1. HP: 9/9 MP: 5/5
   387 | D:1      | Reached XP level 2. HP: 13/13 MP: 3/6
   914 | D:1      | Reached skill level 5 in Stealth
  1311 | D:2      | Found a hide-covered altar of Uskayaw.
  1580 | D:1      | Learned a level 2 spell: Ensorcelled Hibernation
  1669 | D:2      | Reached XP level 3. HP: 10/16 MP: 2/8
  2339 | D:2      | Reached skill level 6 in Stealth
  2387 | D:2      | Reached XP level 4. HP: 16/21 MP: 0/9
  3381 | D:2      | Found a shattered altar of Ashenzari.
  3381 | D:2      | Found a sacrificial altar of Ru.
  3389 | D:2      | Found a faded altar of an unknown god.
  3391 | D:2      | Found a shadowy altar of Dithmenos.
  3392 | D:2      | Found a white marble altar of Elyvilon.
  3396 | D:2      | Became a worshipper of Dithmenos the Shadowed
  3892 | D:3      | Learned a level 3 spell: Confuse
  3925 | D:3      | Found a hazy altar of Hepliaklqana.
  3925 | D:3      | Found an ancient bone altar of Kikubaaqudgha.
  4476 | D:3      | Reached XP level 5. HP: 24/24 MP: 10/10
  4891 | D:4      | Found a sacrificial altar of Ru.
  4958 | D:4      | Reached skill level 7 in Stealth
  5111 | D:4      | Reached * piety under Dithmenos
  5166 | D:4      | Found a glowing drain.
  5192 | Sewer    | Entered a sewer
  5386 | Sewer    | Noticed a crocodile
  5411 | Sewer    | Killed a crocodile
  5411 | Sewer    | Reached skill level 8 in Stealth
  5411 | Sewer    | Reached XP level 6. HP: 16/28 MP: 6/11
  5580 | D:4      | Found a sparkling altar of Nemelex Xobeh.
  5613 | D:4      | Reached skill level 5 in Short Blades
  5711 | D:4      | Found Susaos's Book Boutique.
  5723 | D:4      | Found a radiant altar of Vehumet.
  5723 | D:4      | Found a blossoming altar of Fedhas.
  5998 | D:5      | Entered Level 5 of the Dungeon
  6514 | D:5      | Reached ** piety under Dithmenos
  6678 | D:5      | Reached XP level 7. HP: 16/32 MP: 10/14
  6797 | D:6      | Reached skill level 5 in Hexes
  6949 | D:6      | Found Meerph's Magic Scroll Shop.
  6952 | D:6      | Reached skill level 5 in Spellcasting
  6967 | D:6      | Found Kenkokk's Food Boutique.
  7314 | D:6      | Found Qeawiu's Magic Scroll Emporium.
  7351 | D:6      | Found Vial's Gadget Boutique.
  7413 | D:6      | Reached XP level 8. HP: 35/36 MP: 10/18
  7953 | D:6      | Found a staircase to the Ecumenical Temple.
  8436 | D:7      | Reached skill level 9 in Stealth
  8905 | D:7      | Reached skill level 5 in Dodging
  8906 | D:7      | Reached skill level 10 in Stealth
  9054 | D:7      | Slain by an ice beast

Skill      XL: |  1  2  3  4  5  6  7  8 |
---------------+-------------------------+-----
Short Blades   | 2 3 4 5 6 |  6.4
Stealth        | 5 6 8 10 | 10.1
Spellcasting   | 4 6 |  6.5
Hexes          | 4 6 7 |  7.1
Dodging        | 5 |  5.9

Action                   |  1- 3 |  4- 6 |  7- 9 || total
-------------------------+-------+-------+-------++-------
Melee: Dagger            |   161 |   332 |   257 ||   750
 Cast: Corona            |     6 |       |       ||     6
       Ensorcelled Hiber |    19 |    24 |    29 ||    72
       Confuse           |       |       |    14 ||    14
  Use: Potion            |     2 |       |       ||     2
       Scroll            |       |     4 |     1 ||     5
 Stab: Sleeping          |    15 |    33 |    27 ||    75
       Invisible         |     2 |       |       ||     2
       Distracted        |     1 |     2 |     1 ||     4
       Confused          |       |       |     4 ||     4
  Eat: Bread ration      |       |     1 |     2 ||     3
Armor: Robe              |    24 |    50 |    29 ||   103
Dodge: Dodged            |   144 |   313 |   341 ||   798
